 Dungeon Crawl Stone Soup version 0.29-a0-356-g7bc237e783 (webtiles) character file.

Game seed: 3276425781359146899

571 spaghetti the Cutter (level 7, -6/40 HPs)
             Began as a Vine Stalker Chaos Knight on Apr 26, 2022.
             Was a Plaything of Xom.
             Mangled by Natasha (8 damage)
             ... on level 4 of the Dungeon.
             The game lasted 00:07:59 (3285 turns).

spaghetti the Cutter (Vine Stalker Chaos Knight)    Turns: 3285, Time: 00:07:59

Health: -6/40      AC:  0    Str: 14    XL:     7   Next: 34%
Magic:  0/8        EV: 15    Int: 12    God:    Xom [.....*]
Gold:   152        SH:  0    Dex: 16    Spells: 6/6 levels left

rFire   . . .      SeeInvis .   (weapon currently unavailable)
rCold   . . .      Faith    .   (shield currently unavailable)
rNeg    . . .      Spirit   +   (body armour currently unavailable)
rPois   .          Reflect  .   (helmet currently unavailable)
rElec   .          Harm     .   (cloak currently unavailable)
rCorr   .          Rampage  .   (gloves currently unavailable)
Will    .....                   (boots currently unavailable)
Stlth   +.........              (no amulet)
HPRegen 0.93/turn               (ring currently unavailable)
MPRegen 0.11/turn               (ring currently unavailable)

@: mighty, pig-form (expiring), on berserk cooldown, flying, very quick
A: fast, no casting, small, (fangs 2), regeneration 1, magic shield, (antimagic
bite), no potion heal 2, high MP 1, (poison resistance), robust 1, wild magic 1,
devolution 1
a: Renounce Religion


You were on level 4 of the Dungeon.
You worshipped Xom.
You were Xom's teddy bear.
You were a filthy swine.
You visited 1 branch of the dungeon, and saw 4 of its levels.

You collected 152 gold pieces.


Innate Abilities, Weirdness & Mutations

You are a filthy swine.
You move quickly.
Your equipment is almost entirely melded.
You are incapable of wielding weapons or throwing items.
You cannot cast spells.
((You have extremely sharp teeth.))
Your natural rate of healing is unusually fast.
When hurt, damage is shared between your health and your magic reserves.
((Your bite disrupts and absorbs the magic of your enemies.))
Potions cannot restore your health.
You have an increased reservoir of magic. (+10% MP)
((Your system is resistant to poisons. (rPois)))
You are robust. (+10% HP)
Your spells are a little harder to cast, but a little more powerful.
You have hidden genetic defects.


   Skills:
 + Level 4.1 Fighting
 + Level 4.7 Short Blades
 + Level 2.8 Crossbows
 - Level 1.0 Throwing
 - Level 1.5 Armour
 + Level 2.9 Dodging


You had 6 spell levels left.
You didn't know any spells.
Your spell library contained the following spells:

 Spells                   Type           Power      Damage    Failure   Level
 Ensorcelled Hibernation  Hex/Ice        0%         N/A       54%         2
 Frozen Ramparts          Ice            0%         1d2       77%         3
 Spider Form              Tmut/Pois      0%         N/A       77%         3
 Anguish                  Hex/Necr       0%         N/A       98%         4
 Ice Form                 Ice/Tmut       0%         N/A       98%         4
 Summon Ice Beast         Ice/Summ       0%         N/A       98%         4

Inventory:

Hand Weapons
 a - a +3 short sword of chaos (melded) {short}
Missiles
 d - 97 stones (quivered) {throwing}
Armour
 b - a +2 leather armour (melded)
 g - the +0 pair of boots of Okawaru's Envy (melded) {Rampage rElec rC-}
   (You found it on level 2 of the Dungeon)

   rC:        It makes you vulnerable to cold.
   rElec:     It insulates you from electricity.
   Rampage:   It bestows one free step when moving towards enemies.
Jewellery
 s - a ring of fire
   (You found it on level 3 of the Dungeon)
Wands
 p - a wand of iceblast (8)
   (You took it off Ijyb on level 3 of the Dungeon)
 r - a wand of paralysis (14)
   (You found it on level 3 of the Dungeon)
 v - a wand of polymorph (9)
   (You found it on level 3 of the Dungeon)
Scrolls
 e - 2 scrolls of immolation {!r!r}
 i - 3 scrolls of teleportation {@r4}
 m - 2 scrolls of holy word {unknown}
 n - a scroll of noise {unknown}
 o - a scroll of fog {unknown}
 q - a scroll of magic mapping {unknown}
 u - 2 scrolls of vulnerability {unknown}
Potions
 h - 2 potions of mutation {!q}
 j - a potion of curing {@q1}
 k - a potion of attraction {!q}
 l - a potion of berserk rage {!q}
Miscellaneous
 c - a piece from Xom's chessboard (15/15)

Dungeon Overview and Level Annotations

Branches:
Dungeon (4/15)
 Temple: D:4-7

Altars:
Wu Jian
Xom

Shops:
D:2 (

Annotations:
D:4 Natasha

#.............#
#...#####.#.#.###
#
#.........#.#.†.#
..
#..######.#.#.†..
##. #....#
..#)#.# ...
#..#.#..........#
..
#..#....#####....
#(#.##h.# ##.#
#.<.. #(..)h5(# #
#.... ##.###).#
##... #..# ...
#..!. ... ##.#..
#.#...# #.# ..#
... ...


You could see Natasha and a white imp (summoned).


Message History

Natasha zaps a wand.
You turn into a filthy swine.
Your +3 short sword of chaos {short} melds into your body.
The +0 pair of boots of Okawaru's Envy {Rampage rElec rC-} melds into your body.
Your +2 leather armour melds into your body.
You closely miss Natasha.
Natasha falters for a moment.
The shadow imp disappears for a moment.
The shadow imp barely misses you. 😎 MP[+1]
You hit Natasha but do no damage.
Natasha falters for a moment.
The shadow imp completely misses you.
Unknown command.
You barely miss Natasha. Natasha barely misses you. The shadow imp hits you.
Natasha misses you.
The shadow imp closely misses you. 😕 HP[-2] MP[-1]
You take 2 damage, and now have 38/40 hp.
You lost 1 mp, and now have 4/8 mp.
You hit Natasha.
You kill Natasha!
Natasha screams in fury as she dies!
The shadow imp disappears in a puff of smoke! 😕 HP[+1]
You hit the orc but do no damage. The orc hits you with a +0 flail.
The orc hits you with a +0 flail! 😮 HP[-9] MP[-1]
You take 9 damage, and now have 30/40 hp.
MASSIVE DAMAGE!! (PAUSE)
You lost 1 mp, and now have 3/8 mp.
You hit the orc but do no damage.
The orc hits you with a +0 flail. 😕 HP[+1]
You barely miss the orc. The orc barely misses you. 😕 HP[+1]
You hit the orc. The orc hits you with a +0 flail.
The orc hits you with a +0 flail! 😮 HP[-10] MP[-1]
You take 10 damage, and now have 22/40 hp.
MASSIVE DAMAGE!! (PAUSE)
You lost 1 mp, and now have 2/8 mp.
You barely miss the orc. The orc hits you with a +0 flail.
* * * LOW HITPOINT WARNING * * *
Natasha, Servant of Life and Death comes into view.
She is carrying a wand of polymorph (10). 😨 HP[-2] MP[-1]
You take 2 damage, and now have 20/40 hp.
You lost 1 mp, and now have 1/8 mp.
Unknown command.
You barely miss the orc.
Your transformation is almost over.
The orc completely misses you.
Natasha casts a spell. 😮 HP[+1] Unknown command.
You completely miss the orc. The orc hits you with a +0 flail!
* * * LOW HITPOINT WARNING * * *
The orc completely misses you. 😨 HP[-7]
You take 7 damage, and now have 14/40 hp.
Unknown command.
You hit the orc but do no damage. The orc misses you. 😨 HP[+1]
You barely miss the orc.
The orc closely misses you. 😨 HP[+1] It was a potion of curing.
That felt strangely inert.
The orc hits you with a +0 flail!
* * * LOW HITPOINT WARNING * * *
Natasha claws you.
* * * LOW HITPOINT WARNING * * *
The orc misses you. 😱 HP[-7]
You take 7 damage, and now have 9/40 hp.
It was a potion of mutation.
You feel extremely strange.
Your magical essence no longer links to wands of the dungeon.
Your iridescent scales disappear.
You feel resistant to poisons.
You feel a hidden malignance growing inside you.
Xom thinks this is hilarious!
You feel less in control of your magic.
Xom roars with laughter!
You feel yourself speed up. Natasha closely misses you.
The orc barely misses you.
Natasha claws you. 😱 HP[+1] It was a potion of might.
You feel very mighty all of a sudden. The orc barely misses you.
Natasha closely misses you. 😨 HP[+1] It was a potion of flight.
You feel very buoyant.
You fly up into the air.
The white imp closely misses you. The orc barely misses you.
Natasha extends her claws.
Natasha claws you.
* * * LOW HITPOINT WARNING * * *
😱 HP[-5]
You take 5 damage, and now have 6/40 hp.
You hit the orc.
You kill the orc!
The white imp hits you.
* * * LOW HITPOINT WARNING * * *
The white imp freezes you.
* * * LOW HITPOINT WARNING * * *
Natasha claws you!
You die...

Skill      XL: |  1  2  3  4  5  6 |
---------------+-------------------+-----
Short Blades   | 3 4 |  4.7
Throwing       | 1 |  1.0
Dodging        | 1 2 |  2.9
Fighting       | 3 4 |  4.1
Crossbows      | 1 2 |  2.8
Armour         | |  1.5

Action                   |  1- 3 |  4- 6 |  7- 9 || total
-------------------------+-------+-------+-------++-------
Melee: Short sword       |   118 |   116 |     5 ||   239
       Bite              |    35 |    25 |     1 ||    61
       Punch             |     2 |     1 |       ||     3
       Unarmed           |       |       |    14 ||    14
Throw: Stone             |    19 |     6 |       ||    25
  Use: Potion            |     1 |     1 |     4 ||     6
       Scroll            |       |     6 |       ||     6
 Stab: Confused          |     1 |       |       ||     1
       Sleeping          |       |     5 |       ||     5
Armor: Leather armour    |    39 |    39 |       ||    78
Dodge: Dodged            |    68 |    77 |    19 ||   164

Levels and vault maps discovered:
D:1:      lightli_arrival_statue_moat, layout_rooms,
          hellmonk_ecumenical_altar_run_dry
D:2:      layout_basic, serial_shops, nicolae_shop_bloodbath_and_beyond,
          basic_altar
D:3:      layout_loops_ring, xom_redecorated, gup_sewer_entry_spiral,
          chequers_serial_rivers_micro_b, grunt_decor_resistance,
          nrook_mini_vaults, mrwooster_statue_mirror, uniq_ijyb
D:4:      layout_basic, minmay_puff, uniq_natasha

Notes
Turn   | Place    | Note
-------+----------+-------------------------------------------
     0 | D:1      | spaghetti the Vine Stalker Chaos Knight began the quest for
                  | the Orb.
     0 | D:1      | Reached XP level 1. HP: 11/11 MP: 2/2
     0 | D:1      | magus.rc [v1.9.6]
    16 | D:1      | XOM: silly message
    88 | D:1      | XOM: silly message
   136 | D:1      | Reached skill level 3 in Short Blades
   136 | D:1      | XOM: silly message
   188 | D:1      | Reached XP level 2. HP: 16/16 MP: 3/3
   264 | D:1      | XOM: divination: detect items
   303 | D:1      | HP: 4/16 [frilled lizard (3)]
   592 | D:1      | XOM: summons 1 hostile demon
   803 | D:1      | Found a faded altar of an unknown god.
   988 | D:1      | XOM: summons 1 hostile demon
   989 | D:1      | Noticed a crimson imp
  1128 | D:2      | Reached XP level 3. HP: 19/19 MP: 4/4
  1151 | D:2      | You pick up a book of Dreams and begin reading...
  1151 | D:2      | You add the spells Ensorcelled Hibernation, Spider Form and
                  | Anguish to your library.
  1195 | D:2      | HP: 3/19 [kobold/+0 whip (3)]
  1430 | D:2      | XOM: 5-stop teleportation journey
  1431 | D:2      | Identified the +0 pair of boots of Okawaru's Envy {Rampage
                  | rElec rC-}
  1440 | D:2      | Reached skill level 1 in Throwing
  1582 | D:2      | Reached skill level 1 in Dodging
  1628 | D:2      | Found Qiobbin's Weapon Shoppe.
  1728 | D:2      | Noticed a scorpion
  1737 | D:2      | Killed a scorpion
  1738 | D:2      | Reached skill level 3 in Fighting
  1738 | D:2      | Reached skill level 1 in Crossbows
  1738 | D:2      | Gained mutation: Your natural rate of healing is unusually
                  | fast. [Vine Stalker growth]
  1738 | D:2      | Reached XP level 4. HP: 14/24 MP: 3/5
  1795 | D:2      | Noticed an ogre
  1798 | D:2      | XOM: butterfly on damage
  1802 | D:2      | Killed an ogre
  1803 | D:2      | Reached skill level 4 in Short Blades
  1803 | D:2      | Reached XP level 5. HP: 15/28 MP: 6/6
  1860 | D:2      | XOM: god gift: potion of attraction
  1869 | D:2      | Found an ornate altar of the Wu Jian Council.
  1919 | D:2      | XOM: noise
  1970 | D:2      | XOM: give mutation
  1970 | D:2      | Gained mutation: You have an increased reservoir of magic.
                  | (+10% MP) [Xom's grace]
  1979 | D:2      | Reached skill level 2 in Dodging
  2333 | D:3      | Reached XP level 6. HP: 32/32 MP: 7/7
  2348 | D:3      | Noticed Ijyb
  2366 | D:3      | Killed Ijyb
  2419 | D:3      | You pick up a book of Rime and begin reading...
  2419 | D:3      | You add the spells Frozen Ramparts, Ice Form and Summon Ice
                  | Beast to your library.
  2461 | D:3      | Found a shimmering altar of Xom.
  2463 | D:3      | Found a shimmering altar of Xom.
  2463 | D:3      | Found a shimmering altar of Xom.
  2484 | D:3      | Reached skill level 2 in Crossbows
  2703 | D:3      | Found a glowing drain.
  2789 | D:3      | XOM: 1-stop teleportation journey
  2864 | D:3      | XOM: god gift: scroll of teleportation
  3082 | D:3      | XOM: give mutations
  3082 | D:3      | Gained mutation: You expend magic power (3 MP) to
                  | strengthen your wands. [Xom's grace]
  3082 | D:3      | Gained mutation: You are partially covered in iridescent
                  | scales. (AC +2) [Xom's grace]
  3082 | D:3      | Gained mutation: You are robust. (+10% HP) [Xom's grace]
  3173 | D:4      | XOM: divination: detect creatures
  3179 | D:4      | Noticed Natasha
  3187 | D:4      | Killed Natasha
  3194 | D:4      | XOM: 1-stop teleportation journey
  3249 | D:4      | Noticed a shapeshifter
  3249 | D:4      | an orc priest changed into a shapeshifter
  3249 | D:4      | Noticed a queen bee
  3249 | D:4      | a shapeshifter changed into a queen bee
  3256 | D:4      | Killed a queen bee
  3257 | D:4      | Reached skill level 4 in Fighting
  3257 | D:4      | Reached XP level 7. HP: 40/40 MP: 4/8
  3262 | D:4      | Noticed Natasha
  3271 | D:4      | Killed Natasha
  3276 | D:4      | Noticed Natasha
  3281 | D:4      | HP: 10/40 [orc/+0 flail (8)]
  3282 | D:4      | Lost mutation: You expend magic power (3 MP) to strengthen
                  | your wands. [potion of mutation]
  3282 | D:4      | Lost mutation: You are partially covered in iridescent
                  | scales. (AC +2) [potion of mutation]
  3282 | D:4      | Gained mutation: Your system is resistant to poisons.
                  | (rPois) [potion of mutation]
  3282 | D:4      | Gained mutation: You have hidden genetic defects. [potion
                  | of mutation]
  3282 | D:4      | Gained mutation: Your spells are a little harder to cast,
                  | but a little more powerful. [potion of mutation]
  3285 | D:4      | HP: 2/40 [white imp[Natasha] (3)]
  3285 | D:4      | Mangled by Natasha

Vanquished Creatures
  A queen bee (shapeshifter) (D:4)
  An ogre (D:2)
  A scorpion (D:2)
  Natasha (twice) (D:4)
  A river rat (D:3)
  4 adders
  An ufetubus (D:3)
  3 worms
  2 dart slugs (D:1)
  4 orcs
  4 bats (D:1)
  An endoplasm (D:3)
  3 giant cockroaches
  5 goblins
  8 hobgoblins
  2 jackals (D:4)
  3 quokkas
  4 ball pythons
  4 frilled lizards
  8 kobolds
  4 rats
66 creatures vanquished.

Vanquished Creatures (collateral kills)
  Ijyb (D:3)
1 creature vanquished.

Grand Total: 67 creatures vanquished

Table legend:
 A = Non-vault XP
 B = Vault XP
 C = Vault XP percentage of total XP
 D = Non-vault monster count
 E = Vault monster count
 F = Vault count percentage of total count
                 A         B        C        D         E       F
            +---------+---------+-------+---------+---------+-------
      Total |     719 |     101 |  12.3 |      59 |       8 |  11.9
            +---------+---------+-------+---------+---------+-------
        D:1 |      32 |       0 |   0.0 |      17 |       0 |   0.0
        D:2 |     259 |       0 |   0.0 |      19 |       0 |   0.0
        D:3 |      65 |      66 |  50.4 |      14 |       7 |  33.3
        D:4 |     363 |      35 |   8.8 |       9 |       1 |  10.0
            +---------+---------+-------+---------+---------+-------

Illustrated notes

Table legend:
 A = Kills in this place as a percentage of kills in entire the game.
 B = Kills by you in this place as a percentage of kills by you in the entire game.
 C = Kills by friends in this place as a percentage of kills by friends in the entire game.
 D = Other kills in this place as a percentage of other kills in the entire game.
 E = Experience gained in this place as a percentage of experience gained in the entire game.
 F = Experience gained in this place divided by the number of levels of this place that you have seen.
                   A       B       C       D       E      F
               +-------+-------+-------+-------+-------+----------------------
         Total | 100.0 | 100.0 | 100.0 |   N/A | 100.0 | 205.0
       Dungeon | 100.0 | 100.0 | 100.0 |   N/A | 100.0 | 205.0
               +-------+-------+-------+-------+-------+----------------------

Table legend: (Time is in decaauts)
 A = Elapsed time spent in this place.
 B = Non-inter-level travel time spent in this place.
 C = Inter-level travel time spent in this place.
 D = Time resting spent in this place.
 E = Time spent auto-exploring this place.
 F = Levels seen in this place.
 G = Mean time per level.
                   A        B        C        D        E       F      G
               +--------+--------+--------+--------+--------+-----+--------+
         Total |   3316 |   3189 |    127 |    433 |   2221 |   4 |  829.0 |
       Dungeon |   3316 |   3189 |    127 |    433 |   2221 |   4 |  829.0 |
               +--------+--------+--------+--------+--------+-----+--------+

Top non-repeatable levels by time:
     D:1: 1120 daAuts
     D:2: 1103 daAuts
     D:3: 931 daAuts
     D:4: 161 daAuts
